 Dungeon Crawl Stone Soup version 0.24.0-29-g8ce449bc06 (webtiles) character file.

Game seed: 9298565609767471804, levelgen mode: deterministic

90 night the Ruffian (level 4, 0/24 HPs)
             Began as a Vine Stalker Gladiator on Nov 14, 2019.
             Killed by divine providence
             ... invoked by an orc priest
              (9 damage)
             ... on level 3 of the Dungeon.
             The game lasted 00:04:36 (2146 turns).

night the Ruffian (Vine Stalker Gladiator)          Turns: 2146, Time: 00:04:37

Health: 0/24       AC: 10    Str: 17    XL:     4   Next: 56%
Magic:  0/5        EV:  8    Int:  8    God:
Gold:   82         SH:  0    Dex: 16    Spells: 3/3 levels left

rFire    . . .     SeeInvis .     - Unarmed
rCold    . . .     Gourm    .   (no shield)
rNeg     . . .     Faith    .   j - +0 chain mail
rPois    +         Spirit   +   b - +0 helmet
rElec    .         Reflect  .   (no cloak)
rCorr    .         Harm     .   p - +0 pair of gloves
MR       .....                  (no boots)
Stlth    ..........             (no amulet)
HPRegen  0.48/turn              m - ring of poison resistance
MPRegen  0.09/turn              (no ring)

@: no status effects
A: fangs 2, regeneration 1, magic shield, antimagic bite, no potion heal 3, rot
immunity
a: no special abilities


You were on level 3 of the Dungeon.
You were near starving.

You visited 1 branch of the dungeon, and saw 3 of its levels.

You collected 82 gold pieces.

Inventory:

Missiles
 c - 3 throwing nets (quivered)
 g - 33 arrows
Armour
 b - a +0 helmet (worn)
 j - a +0 chain mail (worn)
 k - a +0 scale mail
 p - a +0 pair of gloves (worn)
Jewellery
 m - a ring of poison resistance (left hand)
Scrolls
 i - 2 scrolls of identify
 o - a scroll of magic mapping
Potions
 a - a potion of flight {unknown}
 e - a potion of agility {unknown}
 f - a potion of invisibility
 h - a potion of curing {unknown}
 l - a potion of heal wounds {unknown}
Comestibles
 d - 9 rations


   Skills:
 + Level 3.2 Fighting
 - Level 1.7 Throwing
 - Level 2.4 Dodging
 + Level 4.2 Unarmed Combat


You had 3 spell levels left.
You didn't know any spells.
Your spell library was empty.

Dungeon Overview and Level Annotations

Branches:
Dungeon (3/15)

Altars:
Fedhas


Innate Abilities, Weirdness & Mutations

You have extremely sharp teeth.
Your natural rate of healing is unusually fast.
When hurt, damage is shared between your health and your magic reserves.
Your bite disrupts and absorbs the magic of your enemies.
Potions cannot restore your health.
You are immune to rotting.


Message History

The orc wizard hits you but does no damage.
You hit the orc wizard but do no damage.
The orc wizard is lightly wounded.
The orc hits you but does no damage.
You completely miss the orc wizard.
The orc wizard is lightly wounded.
The orc wizard barely misses you.
An orc priest comes into view. It is wielding a +0 hand axe.
You hit the orc wizard but do no damage.
Your bite misses the orc wizard.
The orc wizard is lightly wounded.
The orc hits you but does no damage. The orc wizard casts a spell at you.
The puff of frost hits you.
You hit the orc wizard. Your bite misses the orc wizard.
The orc wizard is heavily wounded.
The orc wizard barely misses you. The orc hits you with a +0 war axe!
The orc priest mumbles some strange prayers to Beogh against you.
Beogh smites you!
You die...

...# #. .# ...# #. .#
...# .. #.#.#.##
...##### ...#.#..o.
.......# ..<#.#.#o#
.......# #......#o#
.......# #.##...oo#
.......# #.#.....#
.......# #.#....@#
...##.## #.#.....#
#####..# #.#.....#
######'###.#.....#
#........#.#.....#
#........#.#.....#######
#........#.#...........#
#........+......######.#
#........#.#....# #.#


You could see an orc priest, an orc wizard and 3 orcs.

Vanquished Creatures
  5 adders
  2 dart slugs
  A leopard gecko (D:1)
  A giant cockroach (D:1)
  4 goblins
  4 hobgoblins
  4 jackals (D:2)
  9 bats
  2 frilled lizards (D:2)
  7 kobolds
  3 rats
42 creatures vanquished.

Notes
Turn   | Place    | Note
-------+----------+-------------------------------------------
     0 | D:1      | night the Vine Stalker Gladiator began the quest for the
                  | Orb.
     0 | D:1      | Reached XP level 1. HP: 11/11 MP: 2/2
   371 | D:1      | Reached XP level 2. HP: 12/15 MP: 3/3
   921 | D:2      | Reached XP level 3. HP: 19/19 MP: 4/4
  1381 | D:2      | Reached skill level 4 in Unarmed Combat
  1381 | D:2      | Gained mutation: Your natural rate of healing is unusually
                  | fast. [Vine Stalker growth]
  1381 | D:2      | Reached XP level 4. HP: 15/24 MP: 5/5
  1404 | D:2      | Found a blossoming altar of Fedhas.
  2146 | D:3      | Killed from afar by an orc priest

Levels and vault maps discovered:
D:1:      lemuel_arrival_river_ford, layout_loops_ring, wad_floor_pattern_2
D:2:      layout_loops_ring, lemuel_coloured_pillars_altar
D:3:      layout_basic

Skill      XL: |  1  2  3 |
---------------+----------+-----
Fighting       | 2 3 |  3.2
Unarmed Combat | 4 |  4.2
Throwing       | |  1.7
Dodging        | |  2.4

Action                   |  1- 3 |  4- 6 || total
-------------------------+-------+-------++-------
Melee: Unarmed           |   112 |    32 ||   144
       Bite              |    24 |    10 ||    34
       Punch             |     1 |       ||     1
  Use: Scroll            |     2 |     4 ||     6
  Eat: Chunk             |     1 |     1 ||     2
Armor: Chain mail        |    87 |    19 ||   106
       Leather armour    |     1 |       ||     1
Dodge: Dodged            |    51 |    20 ||    71
